Map: 莱瑞拉克之冠

Players

平步青云

  • Race: Terran Terran

电脑难度 (极难) - Winner!

  • Race: Terran Terran

VOD

Have the link to the VOD?

Description

Time

  • Played on: Jan. 1, 2016, 4:33 a.m.
  • Length: 10:39
Show
View Real Time Build Order
Export as new Build Order

平步青云 Terran 

Build Orders: Mech 

Get SALT Encoding   

  12  0:01  SCV  
  13  0:13  SCV  
  14  0:19  Supply Depot  
  14  0:25  SCV  
  15  0:41  SCV  
  16  0:44  Barracks  
  16  0:50  Refinery  
  16  0:53  SCV  
  17  1:05  SCV  
  18  1:13  Barracks  
  18  1:17  SCV  
  19  1:29  SCV  
  20  1:33  Supply Depot  
  20  1:35  Marine  
  21  1:41  SCV  
  22  1:52  Marine  
  23  1:55  SCV  
  24  2:01  Refinery  
  24  2:04  Marine  
  25  2:17  Factory  
  24  2:34  Marine  
  24  2:35  Marine  
  26  2:42  Orbital Command  
  26  2:55  Barracks Reactor  
  26  2:57  Barracks Tech Lab  
  26  3:04  Supply Depot  
  26  3:06  Factory Tech Lab  
  26  3:20  Starport  
  26  3:22  SCV  
  26  3:26  Command Center  
  27  3:30  Siege Tank  
  27  3:33  Marine  
  31  3:39  Marine  
  32  3:41  Marine  
  33  3:54  Factory  
  33  4:07  Marine  
  33  4:08  Marine x2  
  36  4:11  Combat Shields  
  36  4:26  Banshee  
  39  5:00  Cloaking Field  
  39  5:02  Factory Reactor  
  39  5:11  SCV x2  
  41  5:23  SCV x2, Factory Reactor  
  41  5:25  Marine x2  
  45  5:30  Concussive Shells  
  45  5:41  Hellion x2  
  49  5:46  Marine x3  
  52  5:51  Factory  
  52  5:56  Bunker  
  52  6:01  Engineering Bay  
  52  6:02  Hellion  
  54  6:08  Supply Depot  
  54  6:30  SCV, Supply Depot  
  55  6:42  SCV  
  56  6:53  Marine  
  56  6:54  SCV, Marauder, Marine  
  61  7:06  SCV  
  62  7:11  Marine x2  
  64  7:16  Marauder  
  64  7:20  Hellion x2  
  70  7:52  Supply Depot  
  70  8:03  Refinery  
  70  8:08  Terran Infantry Weapons Level 1, Refinery  
  70  8:13  Armory, SCV, Marine x2  
  70  8:14  Supply Depot, Hellion, Marauder  
  77  8:21  Factory Reactor  
  77  8:26  SCV  
  78  8:36  Banshee, Hellion  
  78  8:38  Supply Depot  
  49  8:59  Marine x2  
  53  9:03  Supply Depot  
  44  9:17  Marine x2  
  44  9:28  Barracks  
  44  9:39  Marine x2  
  44  9:44  Hellion x4  
  44  9:45  Hellion  
  42  10:11  Hellion x4  
Show
View Real Time Build Order
Export as new Build Order

电脑难度 (极难) Terran - Winner!

Build Orders: Bio Tank, MMM Bio 

Get SALT Encoding   

  12  0:00  SCV  
  13  0:13  SCV  
  14  0:19  Supply Depot  
  14  0:25  SCV  
  15  0:30  Refinery  
  15  0:40  SCV  
  16  0:47  Barracks  
  16  0:52  SCV  
  17  1:04  SCV  
  18  1:16  SCV  
  19  1:34  Marine  
  19  1:35  Supply Depot  
  19  1:37  Factory, Orbital Command  
  20  1:49  Barracks  
  20  1:52  Marine  
  21  2:03  SCV, Refinery  
  22  2:10  Marine  
  22  2:15  SCV  
  24  2:21  Supply Depot, Factory Tech Lab  
  24  2:27  SCV  
  24  2:28  Marine  
  26  2:36  Marine  
  27  2:43  Siege Tank  
  30  2:46  SCV  
  30  2:49  Marine  
  32  2:54  Marine  
  33  2:59  Supply Depot  
  33  3:00  SCV  
  34  3:07  Marine  
  34  3:11  Marine  
  36  3:16  Siege Tank  
  39  3:20  SCV  
  39  3:24  Marine  
  41  3:29  Marine  
  41  3:31  Supply Depot  
  42  3:35  SCV  
  43  3:48  SCV  
  44  4:01  SCV, Barracks Tech Lab x2  
  45  4:03  Supply Depot  
  45  4:07  Command Center  
  45  4:13  SCV  
  46  4:19  Marine x2  
  48  4:25  SCV  
  48  4:28  Stimpack  
  49  4:37  Marauder  
  51  4:39  Barracks  
  51  4:42  Marauder  
  53  4:56  Siege Tank  
  53  4:58  Marine  
  57  5:03  Supply Depot  
  57  5:04  Marauder  
  59  5:16  Marauder  
  59  5:21  SCV  
  62  5:22  SCV  
  62  5:25  Marauder  
  62  5:26  Barracks Reactor  
  65  5:28  Siege Tank  
  65  5:33  SCV  
  65  5:35  SCV  
  70  5:38  Marauder  
  72  5:44  Combat Shields  
  72  5:45  SCV  
  72  5:47  SCV, Marauder  
  76  5:53  Supply Depot  
  76  5:57  SCV  
  76  5:59  SCV, Marauder  
  80  6:08  Marauder  
  80  6:09  SCV  
  80  6:10  Engineering Bay  
  83  6:13  SCV  
  84  6:20  Supply Depot  
  84  6:21  SCV  
  84  6:22  Marauder  
  87  6:25  SCV  
  87  6:29  Concussive Shells  
  87  6:33  SCV  
  87  6:37  Terran Infantry Weapons Level 1, SCV  
  86  6:45  SCV  
  85  6:50  SCV  
  83  6:55  Starport  
  83  6:56  Refinery  
  83  6:57  SCV  
  82  7:02  SCV  
  80  7:09  Refinery  
  80  7:10  SCV  
  80  7:14  SCV  
  80  7:22  SCV  
  80  7:23  Marine  
  80  7:25  Engineering Bay  
  80  7:26  SCV  
  80  7:33  Starport Tech Lab  
  80  7:34  SCV  
  79  7:38  SCV  
  79  7:46  SCV  
  79  7:50  SCV  
  81  7:54  Raven  
  81  7:58  SCV  
  84  8:02  SCV  
  85  8:10  SCV  
  86  8:14  Terran Infantry Armor Level 1, SCV  
  86  8:17  Barracks  
  87  8:22  SCV  
  88  8:29  Command Center  
  88  8:36  Orbital Command  
  88  8:38  SCV  
  88  8:40  Marine  
  79  8:42  Marine  
  79  8:44  Marine  
  79  8:46  Marine  
  77  8:51  SCV  
  78  8:58  Marine  
  78  8:59  Marine  
  78  9:01  SCV  
  78  9:02  Marine  
  77  9:03  SCV  
  77  9:04  Marine  
  77  9:07  Marine  
  67  9:13  SCV  
  67  9:16  Marine  
  61  9:18  Marauder  
  61  9:19  Marine  
  64  9:26  SCV  
  64  9:28  SCV  
  66  9:32  Marine  
  66  9:34  Marauder  
  66  9:38  SCV  
  67  9:39  Marauder  
  70  9:45  SCV  
  70  9:48  SCV  
  70  9:51  SCV  
  72  9:55  Marauder, Marine  
  72  9:57  SCV  
  76  10:01  Marauder  
  76  10:03  SCV  
  76  10:04  SCV  
  77  10:09  SCV, Marine  
  77  10:13  Marine  
  78  10:14  Marine  
  78  10:15  SCV  
  78  10:17  SCV, Marauder  
  83  10:22  SCV  
Tags
 
Add a new tag
Caveats
  • Supply blocks, unpowered buildings, or Contaminate may cause inaccurate times.
  • Supply counts are checked every 10 seconds.